 Dungeon Crawl Stone Soup version 0.28-a0-852-gbbce81c95b (webtiles) character file.

Game seed: 9175560364575498751

433 Ijustatesigmund the Skirmisher (level 7, -1/46 HPs)
             Began as a Gargoyle Fighter on Nov 15, 2021.
             Slain by Blork the orc (9 damage)
             ... on level 4 of the Dungeon.
             The game lasted 00:03:48 (3100 turns).

Ijustatesigmund the Skirmisher (Gargoyle Fighter)   Turns: 3100, Time: 00:03:49

Health: -1/46      AC: 13    Str: 24 (26) XL:     7   Next: 0%
Magic:  7/7        EV:  9    Int:  7 (10) God:
Gold:   103        SH:  4    Dex:  7 (9)  Spells: 6/6 levels left

rFire   . . .      SeeInvis .   a - +0 flail
rCold   . . .      Faith    .   c - +0 buckler
rNeg    + . .      Spirit   .   b - +0 scale mail
rPois   ∞          Reflect  .   (no helmet)
rElec   +          Harm     .   k - +0 cloak
rCorr   .          Rampage  .   (no gloves)
Will    .....                   (no boots)
Stlth   ..........              (no amulet)
HPRegen 0.15/turn               e - +6 ring of strength
MPRegen 0.10/turn               (no ring)

@: no status effects
A: sickness immunity, AC +4, negative energy resistance 1, electricity
resistance, torment resistance 1, petrification resistance
a: no special abilities


You were on level 4 of the Dungeon.
You visited 1 branch of the dungeon, and saw 4 of its levels.

You collected 103 gold pieces.

Inventory:

Hand Weapons
 a - a +0 flail (weapon)
Missiles
 g - 2 throwing nets (quivered)
Armour
 b - a +0 scale mail (worn)
 c - a +0 buckler (worn)
 k - a +0 cloak (worn)
Jewellery
 e - a +6 ring of strength (left hand)
Wands
 j - a wand of polymorph (8)
Scrolls
 f - a scroll of summoning {unknown}
 i - 3 scrolls of identify
 n - a scroll of enchant armour {unknown}
Potions
 d - a potion of might
 m - a potion of lignification


   Skills:
 + Level 6.0 Fighting
 + Level 4.9 Maces & Flails
 + Level 4.2 Armour
 - Level 3.2 Shields


You had 6 spell levels left.
You didn't know any spells.
Your spell library contained the following spells:

 Spells                   Type           Power      Damage    Failure   Level
 Freeze                   Ice            0%         1d3       77%         1
 Frozen Ramparts          Ice            0%         1d2       98%         3
 Hailstorm                Conj/Ice       0%         3d3       100%        4


Dungeon Overview and Level Annotations

Branches:
Dungeon (4/15)
 Temple: D:4-7

Altars:

Annotations:
D:4 Blork the orc


Innate Abilities, Weirdness & Mutations

You are immune to sickness and miasma.
Your stone body is resilient. (AC +4)
You are immune to poison.
You resist negative energy. (rN+)
You are resistant to electric shocks. (rElec)
You are resistant to unholy torment.
You are immune to petrification.


Message History

Blork the orc screams, "I'm going to kill you!"
Blork the orc hits you with a +0 glaive.
The kobold hits you but does no damage. The kobold closely misses you.
Blork the orc hits you with a +0 glaive!
You are too injured to fight recklessly!
You are too injured to fight recklessly!
You are too injured to fight recklessly!
You are too injured to fight recklessly!
You are too injured to fight recklessly!
You are too injured to fight recklessly!
You are too injured to fight recklessly!
You are too injured to fight recklessly!
You are too injured to fight recklessly!
You hit Blork the orc.
Blork the orc is heavily wounded.
Blork the orc closely misses you. You block the kobold's attack.
The kobold hits you but does no damage.
Blork the orc hits you with a +0 glaive.
* * * LOW HITPOINT WARNING * * *
The kobold hits you with a +0 short sword.
* * * LOW HITPOINT WARNING * * *
The kobold barely misses you.
Okay, then.
It was a potion of degeneration.
There was something very wrong with that liquid.
You feel weakened.
You feel dopey.
You feel clumsy.
Blork the orc hits you with a +0 glaive.
* * * LOW HITPOINT WARNING * * *
The kobold hits you but does no damage. The kobold closely misses you.
It was a potion of curing.
You feel better. You block Blork the orc's attack.
Blork the orc hits you with a +0 glaive.
* * * LOW HITPOINT WARNING * * *
The kobold hits you with a +0 short sword.
* * * LOW HITPOINT WARNING * * *
The kobold hits you but does no damage.
As you read the scroll labelled DENOEFR DEOCW, it crumbles to dust.
It is a scroll of identify.
m - a potion of lignification Blork the orc hits you with a +0 glaive!
You die...

...........#.....#
...........#.....#
...........#'#####
....#####.......# ....
#.......# ...
#.......# .. #
#.......#######.
###..#####............
#.....o@.'............
#.....KK.#.........>..
#$.......#......(.....
##..######............
#. #....†....###+####
.. #.........# .
#.........#
#.........#
+.........#


You could see Blork the orc (fast) and 2 kobolds.

Vanquished Creatures
  Sigmund (D:2)
  An orc priest (D:3)
  Crazy Yiuf (D:2)
  3 orc wizards (D:3)
  3 gnolls (D:3)
  4 adders
  An adder skeleton (D:4)
  3 worms
  10 orcs (D:3)
  3 endoplasms
  A giant cockroach (D:3)
  6 goblins
  2 hobgoblins
  5 jackals
  2 quokkas
  7 ball pythons
  9 bats
  6 frilled lizards
  3 kobolds
  9 rats
80 creatures vanquished.

Notes
Turn   | Place    | Note
-------+----------+-------------------------------------------
     0 | D:1      | Ijustatesigmund the Gargoyle Fighter began the quest for
                  | the Orb.
     0 | D:1      | Reached XP level 1. HP: 14/14 MP: 1/1
   249 | D:1      | Reached XP level 2. HP: 19/19 MP: 2/2
   492 | D:1      | Found a faded altar of an unknown god.
   806 | D:2      | Reached XP level 3. HP: 17/24 MP: 3/3
   929 | D:2      | Reached skill level 4 in Fighting
  1232 | D:2      | Noticed Sigmund
  1247 | D:2      | Killed Sigmund
  1248 | D:2      | Reached skill level 5 in Fighting
  1248 | D:2      | Reached XP level 4. HP: 21/31 MP: 4/4
  1248 | D:2      | Reached XP level 5. HP: 24/35 MP: 5/5
  1453 | D:2      | Found a runed translucent door.
  1454 | D:2      | Noticed Crazy Yiuf
  1463 | D:2      | Killed Crazy Yiuf
  1464 | D:2      | Reached XP level 6. HP: 36/40 MP: 6/6
  2423 | D:3      | Reached skill level 6 in Fighting
  3056 | D:4      | Reached XP level 7. HP: 46/46 MP: 7/7
  3086 | D:4      | Noticed Blork the orc
  3100 | D:4      | Slain by Blork the orc

Illustrated notes

Levels and vault maps discovered:
D:1:      dpeg_arrival_rooms_b, layout_basic, hellmonk_ecumenical_altar_run_dry,
          minmay_crystal_room, minmay_door_square, minmay_heptomino_l4
D:2:      layout_loops_corners, uniq_sigmund, uniq_crazy_yiuf_cottage
D:3:      layout_basic, minmay_vboxes
D:4:      layout_gridville, uniq_blork_the_orc, uniq_robin, uniq_duvessa

Skill      XL: |  1  2  3  4  5  6 |
---------------+-------------------+-----
Fighting       | 5 6 |  6.0
Maces & Flails | 4 |  4.9
Armour         | 4 |  4.2
Shields        | |  3.2

Action                   |  1- 3 |  4- 6 |  7- 9 || total
-------------------------+-------+-------+-------++-------
Melee: Flail             |   121 |   146 |     9 ||   276
  Use: Potion            |     1 |       |     2 ||     3
       Scroll            |       |       |     1 ||     1
Armor: Scale mail        |    62 |    81 |    15 ||   158
Dodge: Dodged            |    58 |    51 |     9 ||   118
Block: Buckler           |    26 |    18 |     4 ||    48

Table legend: (Time is in decaauts)
 A = Elapsed time spent in this place.
 B = Non-inter-level travel time spent in this place.
 C = Inter-level travel time spent in this place.
 D = Time resting spent in this place.
 E = Time spent auto-exploring this place.
 F = Levels seen in this place.
 G = Mean time per level.
                   A        B        C        D        E       F      G
               +--------+--------+--------+--------+--------+-----+--------+
         Total |   3161 |   3106 |     55 |    131 |   2341 |   4 |  790.2 |
       Dungeon |   3161 |   3106 |     55 |    131 |   2341 |   4 |  790.2 |
               +--------+--------+--------+--------+--------+-----+--------+

Top non-repeatable levels by time:
     D:2: 1235 daAuts
     D:3: 1034 daAuts
     D:1: 766 daAuts
     D:4: 125 daAuts
